[Event "Early-Titled-Tuesday-Blitz-March-26-2024"]
[Site "Chess.com"]
[Date "2024.03.26"]
[Round "3"]
[White "SAInt_666"]
[Black "Durarbayli"]
[Result "0-1"]
[WhiteElo "2734"]
[BlackElo "2924"]
[TimeControl "180+1"]
[EndTime "8:29:39 PDT"]
[Termination "Durarbayli won by resignation"]

1. e4 e6 2. d4 d5 3. e5 c5 4. c3 Nc6 5. Nf3 Bd7 6. Be2 Nge7 7.
Na3 cxd4 8. cxd4 Nf5 9. Nc2 a6 10. O-O Rc8 11. Bd3 Qb6 12. Kh1 Be7 13. g4 Nh4 14. Nxh4 Bxh4 15. g5 h6 16. Qh5 Nxd4 17. Be3 Rxc2 18. Qxh4 Rxb2 19. Qxd4 Qxd4 20. Bxd4 Rd2 21.
Rfd1 Rxd1+ 22. Rxd1 hxg5 23. Be3 f6 24. Bg6+ Kd8 25.
Bb6+ Ke7 26. Bc5+ Kd8 27. Bd6 Bc6 28. Rd4 f5 29. Bf7 Kd7 30. Kg2 g4 31. Rd3 g5 32.
h3 Rh7 33. Bg6 Rh6 34. Bf7 Rh7 35. Bg6 Rh6 36. Bf7 d4+ 37. Kh2 Rh7 38. Bg6 Rh6 39. Bf7 Bf3 40. Rxf3 gxf3 41. Kg3 Rh7 42. Bg6 Rh6 43. Bf7 d3 44. Bb4 Rh7 45. Bg6 Rh6 46. Bf7 b6 47. a4 a5 48. Bd2 Rh7 49. Bg6 Rh6 50. Bf7 f4+ 51. Kg4 Ke7 52. Bh5 Rh8 53.
Kxg5 Rf8 54. Bg6 Rg8 55. h4 b5 56. axb5 a4 57. h5 a3 58. h6 a2 59. h7 Rh8 60.
Bb4+ Kd7 61. Bc3 d2 62. Bc2 Rxh7 63. Kxf4 Rh1 0-1

[Event "Early-Titled-Tuesday-Blitz-March-26-2024"]
[Site "Chess.com"]
[Date "2024.03.26"]
[Round "3"]
[White "Hauptsache_Gambit"]
[Black "gummigisla"]
[Result "0-1"]
[WhiteElo "2191"]
[BlackElo "2437"]
[TimeControl "180+1"]
[EndTime "8:29:39 PDT"]
[Termination "gummigisla won by resignation"]

1. e4 c5 2. b4 cxb4 3. a3 bxa3 4. Bxa3 g6 5. Nf3 Bg7 6. d4 Nf6 7. Bd3 O-O 8. O-O d5 9. e5 Ne4 10. Re1 Nc6 11. Nbd2 Nxd2 12. Qxd2 Bg4 13. Bb5 Rc8 14. Qf4 Bxf3 15. gxf3 Qd7 16. c3 a6 17. Bd3 b5 18.
Re2 Nd8 19. Bb4 Ne6 20. Qg3 Ra8 21. f4 Nd8 22. f5 Nc6 23. e6 fxe6 24. fxe6 Qc8 25.
Bc5 Rf6 26. Rae1 Bf8 27. Qg5 Qd8 28. h4 h6 29. Qg4 Kg7 30. h5 g5 31. f4 Kh8 32.
fxg5 hxg5 33. Qxg5 Bh6 34. Qg4 Qg8 35. Rg2 Qxg4 36.
Rxg4 Rg8 37. Rg6 Rgxg6+ 38. hxg6 Kg7 39. Re2 Bf4 40. Kg2 Bh6 41. Kh3 Kf8 42. Kg2 Bg7 43.
Rf2 Nd8 44. Rxf6+ Bxf6 45. Bf5 Kg7 46. Bb6 Nc6 47. Kf3 a5 48. Ke2 b4 49. cxb4 axb4 50.
Kd3 b3 51. Bc5 b2 52. Kc2 Nxd4+ 53. Bxd4 Bxd4 54. Kb3 Kf6 55. Bc2 Kxe6 56. Kb4 Bg7 57. Kb5 Ke5 58. Kc5 e6 59. Kc6 Kd4 60.
Kd7 e5 61. Ke6 e4 62. Kf7 Bh6 63. Kg8 e3 64. Kh7 Bf8 65. Kg8 Bg7 66. Kxg7 e2 67.
Kh7 e1=Q 68. g7 Qh4+ 69. Kg8 Qe7 70. Kh8 Qxg7+ 71. Kxg7 Kc3 72. Bf5 d4 73. Kf6 d3 74.
Ke5 d2 75. Kd5 d1=Q+ 76. Kc5 Qg1+ 77. Kd5 b1=Q 78. Ke6 Qxf5+ 79. Kxf5 Kd4 80. Ke6 Ke4 81. Kf7 0-1

[Event "Early-Titled-Tuesday-Blitz-March-26-2024"]
[Site "Chess.com"]
[Date "2024.03.26"]
[Round "3"]
[White "ACollins05"]
[Black "KarolKacprzak"]
[Result "1/2-1/2"]
[WhiteElo "2505"]
[BlackElo "2712"]
[TimeControl "180+1"]
[EndTime "8:29:41 PDT"]
[Termination "Game drawn - insufficient material"]

1. Nf3 Nf6 2. e3 d5 3. b3 g6 4. Bb2 Bg7 5. d4 O-O 6. c4 c6 7. Nc3 Bf5 8. Bd3 Ne4 9. O-O Nxc3 10. Bxc3 Bxd3 11. Qxd3 Nd7 12. e4 dxc4 13. Qxc4 Nf6 14. Rfe1 Qb6 15. Rad1 Rfd8 16. Ne5 e6 17. Qa4 Re8 18.
Nc4 Qc7 19. Qa5 b6 20. Qg5 h6 21. Qe3 Rad8 22. f3 Nd7 23. Rd2 Kh7 24. Red1 h5 25. Rd3 Bh6 26. Qf2 Bg7 27. Bb4 c5 28. dxc5 Nxc5 29. Rxd8 Rxd8 30. Rxd8 Qxd8 31. Qd2 Bd4+ 32. Kf1 Qf6 33. Qe2 Qf4 34. g3 Qc1+ 35. Qe1 Qc2 36. Qe2 Qb1+ 37. Kg2 Nd3 38. Bd6 Nc1 39. Qd2 Qxa2 40. Qxa2 Nxa2 41. Kf1 Nc1 42. b4 b5 43.
Na5 Nd3 44. Nc6 Bb6 45. Bb8 a6 46. Bd6 Kg7 47. Nb8 a5 48. bxa5 Bxa5 49. Nc6 Bb6 50.
Ke2 Nc5 51. Nd4 Nxe4 52. Nxb5 Nxd6 53. Nxd6 Bc7 54. Nc4 Be5 55. f4 Bf6 56. Kf3 Bc3 57.
Ne3 Bd4 58. Nc2 Bb2 59. h3 f5 60. Ne3 Kf6 61. Nc4 e5 62. Nxb2 Ke6 63. fxe5 Kxe5 64. h4 Kf6 65. Nd3 g5 66. hxg5+ Kxg5 67. Nf4 h4 68. Nh3+ Kh5 69. Nf4+ Kg5 70. Ne6+ Kh5 71. Ng7+ Kg5 72. Nxf5 hxg3 73. Nxg3 1/2-1/2

[Event "Early-Titled-Tuesday-Blitz-March-26-2024"]
[Site "Chess.com"]
[Date "2024.03.26"]
[Round "3"]
[White "HajiyevKanan"]
[Black "MikeSailer"]
[Result "0-1"]
[WhiteElo "2538"]
[BlackElo "2093"]
[TimeControl "180+1"]
[EndTime "8:29:42 PDT"]
[Termination "MikeSailer won by resignation"]

1. d4 d5 2. Nf3 Bf5 3. c4 e6 4.
cxd5 exd5 5. Nc3 Bb4 6. Qb3 Nc6 7. Bg5 f6 8. Bf4 Nge7 9. e3 O-O 10. Be2 Kh8 11.
O-O a5 12. a3 Bd6 13. Bg3 Bxg3 14. hxg3 Rb8 15. Rac1 Bg6 16. Nh4 Bf7 17. Bf3 Na7 18. Be2 c6 19. g4 Nac8 20. g3 Nd6 21. Kg2 Be6 22. Rh1 Kg8 23. Na4 Qc8 24. Nb6 Qc7 25. Rc5 Ndc8 26. Nxc8 Rfxc8 27. Qc2 Bf7 28. Bd3 h6 29.
Bh7+ Kf8 30. Bd3 b6 31. Rc3 c5 32. Ba6 Rd8 33. dxc5 bxc5 34. Rxc5 Qa7 35. Be2 d4 36. Rc7 Qb6 37. exd4 Qxd4 38. Rd1 Bd5+ 39. Kg1 Qxb2 40. Qxb2 Rxb2 41. Bf3 Rbb8 42. Rxe7 Bxf3 43. Rxd8+ Rxd8 44. Ng6+ Kg8 45. Re1 Kh7 46. Nh4 Bxg4 47. Ng2 Bf3 48. Ne3 g5 49. g4 Kg6 50. Kh2 h5 51. gxh5+ Bxh5 52. Kg3 f5 53. f3 f4+ 54. Kf2 fxe3+ 55. Rxe3 Rd2+ 56. Kg3 Kf5 57. Rc3 Bf7 58. Rc5+ Bd5 59.
Rb5 Rd3 60. a4 Rxf3+ 61. Kh2 Rd3 62. Rxa5 Kf4 63. Kg1 g4 64. Rc5 Kg3 65. Rc1 Bf3 66. a5 Ra3 67. Rf1 Rxa5 68. Rc1 Ra2 69. Kf1 Rh2 70.
Ke1 Rh1+ 71. Kd2 Rxc1 72. Kxc1 Kf2 0-1

[Event "Early-Titled-Tuesday-Blitz-March-26-2024"]
[Site "Chess.com"]
[Date "2024.03.26"]
[Round "3"]
[White "rhwr"]
[Black "WilsonPalencia21"]
[Result "1/2-1/2"]
[WhiteElo "2306"]
[BlackElo "2584"]
[TimeControl "180+1"]
[EndTime "8:29:45 PDT"]
[Termination "Game drawn - insufficient material"]

1. e4 c5 2. Nf3 d6 3. d4 cxd4 4. Nxd4 Nf6 5. Nc3 g6 6. Be2 Bg7 7. O-O O-O 8. Be3 Nc6 9. Nb3 Be6 10. h3 d5 11. exd5 Nxd5 12. Nxd5 Qxd5 13. c3 Rfd8 14. Qxd5 Bxd5 15. Rad1 e5 16. Rd2 b6 17. Rfd1 Bxb3 18.
axb3 Rxd2 19. Rxd2 Rd8 20. Bb5 Rxd2 21. Bxd2 Nd8 22. c4 Bf8 23. Bc3 f6 24. f4 Bd6 25.
fxe5 Bxe5 26. b4 Kf7 27. Kf2 Ke6 28. Ke3 Kd6 29. Ba4 Ne6 30. Bc2 f5 31. Bd1 Bxc3 32. bxc3 Ke5 33. Bf3 g5 34. Bb7 a5 35. Bc6 Kd6 36.
Ba4 h5 37. g3 Ke5 38. Bb3 axb4 39. cxb4 Nd4 40. Ba4 f4+ 41. gxf4+ gxf4+ 42. Kf2 h4 43. Bd1 Nc6 44. c5 bxc5 45. bxc5 Nd4 46. Bf3 Ke6 47. Be4 Ke5 48. Bf3 Nb3 49. c6 Kd6 50. Be4 Nd4 51. Bf3 Ne6 52. Be4 Ng5 53. Bg2 Kc7 54. Ke2 f3+ 55.
Bxf3 Nxh3 56. Bg4 Nf4+ 57. Kf3 Ng6 58. Bf5 Ne5+ 59. Kf4 Nxc6 60. Kg4 Kd6 61. Kxh4 1/2-1/2

[Event "Early-Titled-Tuesday-Blitz-March-26-2024"]
[Site "Chess.com"]
[Date "2024.03.26"]
[Round "3"]
[White "baki83"]
[Black "Shahdad2007"]
[Result "1-0"]
[WhiteElo "2862"]
[BlackElo "2615"]
[TimeControl "180+1"]
[EndTime "8:29:52 PDT"]
[Termination "baki83 won by checkmate"]

1. e4 d6 2. d4 Nf6 3. Nc3 g6 4. Be3 Bg7 5. h3 b6 6. g4 Bb7 7. Bg2 c5 8. Nge2 a6 9. O-O Qc7 10. e5 dxe5 11. dxe5 Nfd7 12. Nd5 Qc8 13. Nxe7 Kxe7 14.
Qd6+ Ke8 15. e6 Ne5 16. Bf4 Nbc6 17. Bd5 Qd8 18. exf7+ Nxf7 19. Bxc6+ Bxc6 20. Qxc6+ Kf8 21. Rad1 Qe8 22. Qxe8+ Rxe8 23. Nc3 Bxc3 24. bxc3 Re6 25. Kg2 Kg7 26. Rd5 Rhe8 27. Rfd1 h6 28. Rd7 R8e7 29. Rxe7 Rxe7 30. Kf1 Re4 31. Bc7 b5 32. Rd7 Kf6 33.
f3 Rc4 34. Ba5 Ra4 35. Bb6 Rxa2 36. Bxc5 Rxc2 37. Bd4+ Ke6 38. Ra7 Ra2 39. f4 Nd6 40. Rg7 Kd5 41. Rxg6 Ne4 42. f5 a5 43. f6 Ke6 44. Rg7 Nd6 45. Re7+ Kd5 46. f7 Ra1+ 47. Kg2 Nxf7 48. Rxf7 b4 49. cxb4 Kxd4 50. bxa5 Rxa5 51. Rh7 Ra6 52. Kg3 Ke5 53. Kh4 Kf4 54. Rf7+ Ke5 55. Kh5 Ke6 56. Rh7 Ra3 57. h4 Kf6 58.
Kxh6 Ra6 59. Kh5 Ra5+ 60. g5+ Ke6 61. Rh6+ Kf7 62. Rh7+ Kg8 63. Kh6 Ra6+ 64. g6 Ra8 65. h5 Rb8 66. Rg7+ Kh8 67. Rf7 Ra8 68. Rf5 Rb8 69.
Kg5 Ra8 70. h6 Rb8 71. Kh5 Ra8 72. h7 Kg7 73. Rf7+ Kh8 74. Kh6 Rg8 75. hxg8=Q+ Kxg8 76. Ra7 Kf8 77. Ra8+ Ke7 78. Kh7 Kf6 79. g7 Ke5 80. g8=Q Kf4 81. Qb8+ Ke3 82. Ra7 Kd4 83. Rc7 Ke5 84.
Qd8 Kf5 85. Qe8 Kg4 86. Rf7 Kh5 87. Qg8 Kh4 88. Kh8 Kh5 89. Rh7# 1-0

[Event "Early-Titled-Tuesday-Blitz-March-26-2024"]
[Site "Chess.com"]
[Date "2024.03.26"]
[Round "3"]
[White "kids2010"]
[Black "Grischuk"]
[Result "0-1"]
[WhiteElo "2792"]
[BlackElo "3056"]
[TimeControl "180+1"]
[EndTime "8:29:55 PDT"]
[Termination "Grischuk won by resignation"]

1. e4 e5 2. Nf3 Nc6 3. Nc3 Nf6 4. Bb5 Bd6 5. O-O O-O 6. d3 a6 7. Bc4 h6 8. h3 Re8 9. a3 Bf8 10. Be3 d6 11. Re1 Be6 12. Qe2 d5 13. exd5 Nxd5 14. Nxd5 Bxd5 15. Nd2 Bxc4 16. Nxc4 Qd5 17. Qg4 Re6 18.
Qe4 Rd8 19. Qxd5 Rxd5 20. Rad1 g6 21. f3 Bg7 22. b4 f5 23. Bf2 Kf7 24. Rb1 h5 25. Ne3 Rd7 26. Nc4 Rd5 27. Ne3 Rd7 28. Nc4 Bh6 29. b5 axb5 30. Rxb5 e4 31. fxe4 fxe4 32.
dxe4 b6 33. a4 Rde7 34. e5 Bf4 35. Rf1 Kg7 36. Bh4 Rf7 37. Bf6+ Rexf6 38. exf6+ Rxf6 39. g4 hxg4 40. hxg4 Nd4 41. Rd5 Nxc2 42. Rd7+ Kh6 43. Kg2 Kg5 44. Rf2 Nb4 45. Nd2 Kxg4 46.
Ne4 Rf8 47. Rd4 Nc6 48. Rc4 Ne5 49. Rcc2 c5 50. a5 bxa5 51. Nxc5 Rf6 52. Ne4 Rf5 53.
Rce2 g5 54. Nd6 Rf8 55. Rxe5 Bxe5 56. Rxf8 Bxd6 57. Rc8 Kf4 58. Rc6 Bb4 59. Rc4+ Ke3 60. Kg3 Kd3 61. Rc8 Bd2 62. Ra8 Kc4 63. Kg4 Kb3 64.
Rb8+ Kc4 65. Rd8 Bf4 66. Ra8 Kb4 67. Ra7 a4 68. Rb7+ Kc4 69. Ra7 Kb3 70. Rb7+ Ka2 71. Ra7 a3 72. Ra6 Kb2 73. Rb6+ Ka1 74. Ra6 a2 75. Rb6 Bd2 76. Rb7 Be3 77. Rb6 Bxb6 0-1

[Event "Early-Titled-Tuesday-Blitz-March-26-2024"]
[Site "Chess.com"]
[Date "2024.03.26"]
[Round "3"]
[White "shimastream"]
[Black "Binary010"]
[Result "1/2-1/2"]
[WhiteElo "3038"]
[BlackElo "2798"]
[TimeControl "180+1"]
[EndTime "8:30:13 PDT"]
[Termination "Game drawn by agreement"]

1. e4 e5 2. Nf3 Nf6 3. Nc3 Nc6 4. h3 d5 5. exd5 Nxd5 6. Bb5 Nxc3 7. bxc3 Bd6 8. O-O O-O 9. Re1 Re8 10. d4 exd4 11. Rxe8+ Qxe8 12. cxd4 Bd7 13. Bb2 Nb4 14. Bf1 Ba4 15. Ne1 Qc6 16. Qg4 Bf8 17. c4 Re8 18. Nf3 Qg6 19. Qxg6 hxg6 20. Ne5 Nc6 21. f4 Nxe5 22.
fxe5 f6 23. Bd3 Kh7 24. Rf1 fxe5 25. dxe5 Bc5+ 26. Kh2 Rd8 27. Be4 Rd2 28. Bc3 Rxa2 29. Rf7 Re2 30. Bxb7 Re3 31. Bb2 Re2 32. Bc3 Re3 33. Ba5 Bb6 34. Bxb6 cxb6 35. Re7 Bb3 36. Bd5 b5 37. Rxa7 Rxe5 38. Rc7 Bxc4 39. Bxc4 bxc4 40. Rxc4 g5 41. Rg4 Kh6 42. Rd4 Kg6 43. Rd6+ Kh7 44.
Kg3 Re4 45. Kf3 Ra4 46. Rd5 Kh6 47. Re5 Rb4 48. Re4 Rb3+ 49. Kg4 Rb2 50. Re6+ g6 51. g3 Rb4+ 52. Kf3 Rb3+ 53. Re3 Rb4 54. Re4 Rb3+ 55.
Kg4 Ra3 56. Rd4 Rb3 57. Re4 Ra3 58. Re8 Ra4+ 59. Kf3 Ra3+ 60. Re3 Ra4 61. Rd3 Rb4 62. Ke3 Ra4 63. Kf3 Rb4 64. Re3 Ra4 65. Ke2 Ra2+ 66.
Kd3 Ra4 67. Kd2 Ra2+ 68. Kc3 Ra4 69. Kb3 Rd4 70. Kc3 Ra4 71. Rd3 Re4 72. Kd2 Ra4 73. Ke3 Rb4 74. Kf3 Ra4 75. g4 Rb4 76. Ke3 Ra4 77. Kd2 Rf4 78. Kc3 Ra4 79. Kb2 Rf4 80. Kb3 Re4 81. Kc3 Rf4 82. Rd4 Rf3+ 83. Rd3 Rf4 84. Kd2 Ra4 85. Ke3 Rb4 86. Kf3 Ra4 87. Re3 Rb4 1/2-1/2

[Event "Early-Titled-Tuesday-Blitz-March-26-2024"]
[Site "Chess.com"]
[Date "2024.03.26"]
[Round "3"]
[White "andrew-blr"]
[Black "KevinGeorgeMicheal"]
[Result "1-0"]
[WhiteElo "2595"]
[BlackElo "2383"]
[TimeControl "180+1"]
[EndTime "8:30:14 PDT"]
[Termination "andrew-blr won by resignation"]

1. d4 Nf6 2. c4 g6 3. Nc3 Bg7 4. e4 d6 5. h3 O-O 6. Bg5 c5 7. d5 a6 8. a4 Nbd7 9. Nf3 Qc7 10. Bd3 e6 11. O-O exd5 12. cxd5 c4 13. Bc2 Rb8 14. Nd4 Nc5 15. Re1 Bd7 16. Qf3 Nh5 17. Rad1 Be5 18.
g4 Ng7 19. Bf6 Rfe8 20. Bxe5 Rxe5 21. Qg3 b5 22. axb5 axb5 23. f4 Re7 24. e5 b4 25. Ne4 Nxe4 26. Rxe4 Rbe8 27. Rde1 Qc5 28. e6 fxe6 29. Qf2 Qxd5 30. Nf3 Bc6 31. Ng5 h6 32. Nf3 Rf8 33. Kh2 Ref7 34. Nd4 Bb7 35. Qg3 e5 36. Ne2 exf4 37. Qf2 f3 38. Ng3 Qb5 39. Rd4 Rf6 40.
Re7 R8f7 41. Rxf7 Kxf7 42. Be4 d5 43. Bb1 Ne6 44. Rd2 Qc5 45. Qf1 d4 46. Rf2 d3 47. b3 c3 48. Bxd3 Nd4 49. Qe1 Bd5 50.
Qe3 c2 51. Bxc2 Qa7 52. Bd3 Qb6 53. Bc4 Bxc4 54. bxc4 b3 55. Qxh6 b2 56. Qh7+ Ke6 57.
Qg8+ Ke5 58. Qe8+ Re6 59. Qh8+ Kd6 60. Rf1 b1=Q 61. Rxb1 Qxb1 62. Qd8+ Kc5 63. Qd5+ Kb4 64. Qb7+ Kc3 65. Qxb1 Nc2 66. Nf1 Re2+ 67. Kg3 Nd4 68.
Qc1+ Kd3 69. c5 Rg2+ 70. Kh4 Ne6 71. Qd1+ Kc4 72. Qxf3 g5+ 73. Kh5 Nf4+ 74. Kxg5 Nxh3+ 75. Qxh3 Rf2 76. Ne3+ Kxc5 77. Nf5 Rc2 78. Qe3+ Kb4 79. Kf6 Rc6+ 80. Qe6 1-0

[Event "Early-Titled-Tuesday-Blitz-March-26-2024"]
[Site "Chess.com"]
[Date "2024.03.26"]
[Round "3"]
[White "Levanzovsky"]
[Black "Statham_01"]
[Result "1-0"]
[WhiteElo "2405"]
[BlackElo "2582"]
[TimeControl "180+1"]
[EndTime "8:30:16 PDT"]
[Termination "Levanzovsky won by checkmate"]

1. Nf3 d5 2. c4 d4 3. e3 c5 4.
exd4 cxd4 5. d3 Nc6 6. g3 g6 7.
Bg2 Bg7 8. O-O Nf6 9. Bf4 O-O 10.
Ne5 Nb8 11. Qb3 Nh5 12. Bxb7 Bxb7 13. Qxb7 Nxf4 14. gxf4 Bxe5 15. Qxa8 Bxf4 16. Qd5 Qb6 17. Na3 Rd8 18. Qe4 e5 19. Rab1 a5 20. Nb5 Nd7 21.
Rfe1 Nc5 22. Qf3 Qf6 23. Kh1 Qf5 24. Rbd1 g5 25. Rg1 Kf8 26. Nc7 e4 27. dxe4 Qxe4 28. Qxe4 Nxe4 29. Nd5 Nxf2+ 30. Kg2 Nxd1 31. Rxd1 Be5 32.
h3 a4 33. Kf3 Rb8 34. Re1 f6 35. Re2 h5 36. Rd2 Kf7 37. Ke4 Ke6 38. Kd3 g4 39. hxg4 hxg4 40. Rg2 g3 41. Ke4 f5+ 42. Kf3 a3 43. b3 d3 44. Rd2 f4 45. Rxd3 Rg8 46.
Rd2 Kf5 47. Re2 Rg7 48. Rg2 Rd7 49. Rc2 Bb8 50. Re2 Rd8 51. Ne7+ Kf6 52. Nd5+ Kg5 53.
Re7 Be5 54. Rxe5+ Kg6 55. Re6+ Kf7 56. Re4 Rh8 57. Rxf4+ Ke6 58. Kxg3 Ke5 59. Rf2 Rg8+ 60. Kf3 Kd4 61. Ke2 Rg1 62. Rf4+ Kc5 63. Rf1 Rg2+ 64. Rf2 Rg1 65. Kd3 Rd1+ 66. Rd2 Rb1 67. Kc3 Rc1+ 68. Rc2 Rd1 69. b4+ Kc6 70. Kb3 Rd3+ 71.
Nc3 Rh3 72. Rg2 Kb6 73. Rg6+ Kc7 74. c5 Kb7 75. Kc4 Kc7 76. Nd5+ Kb7 77. Kb5 Kc8 78. Kc6 Kd8 79. Rg8# 1-0

[Event "Early-Titled-Tuesday-Blitz-March-26-2024"]
[Site "Chess.com"]
[Date "2024.03.26"]
[Round "3"]
[White "lagunanivaria"]
[Black "MatyChess1"]
[Result "1/2-1/2"]
[WhiteElo "2464"]
[BlackElo "2641"]
[TimeControl "180+1"]
[EndTime "8:30:34 PDT"]
[Termination "Game drawn by repetition"]

1. c3 Nf6 2. d4 e6 3. Bf4 Be7 4.
Nd2 c5 5. Ngf3 O-O 6. e3 b6 7. h3 d6 8. Bd3 Ba6 9. Qe2 Qc8 10. O-O Bxd3 11. Qxd3 cxd4 12. cxd4 Qa6 13. Qxa6 Nxa6 14. Rfc1 Rfc8 15. a3 Kf8 16. Kf1 Ke8 17.
Ke2 Kd7 18. g4 b5 19. Ne1 h5 20. Bg5 hxg4 21. Bxf6 Bxf6 22. hxg4 Rh8 23. Nef3 Nc7 24.
Ne4 Be7 25. Nc3 a6 26. Rc2 Rhb8 27. Rac1 Rb7 28. Na2 a5 29. Nc3 b4 30. Na4 Nd5 31.
Nd2 Rab8 32. axb4 Nxb4 33. Rc4 Nd5 34. b3 Bd8 35. Ra1 Be7 36. Nb2 Bd8 37. Nd3 Nf6 38. f3 Bc7 39. Rh1 Rb5 40. Rhc1 R5b7 41. Rh1 Rb5 42. Nf2 d5 43. Rc2 Bd6 44. Nd3 Ke7 45. Ra2 Nd7 46. Rc2 Nf6 47. g5 Nd7 48. Rh7 g6 49. f4 Kf8 50. Rh8+ Ke7 51. Rh1 R8b7 52. Rh8 Rb8 53. Rxb8 Rxb8 54. Nf3 Rh8 55. Nf2 Rb8 56.
Nd2 Bb4 57. Nb1 Bd6 58. Nd2 Bb4 59. Nf3 Bd6 60. Rc3 Rb7 61. Nd3 Rb8 62. Nd2 Rh8 63.
Nf3 Rh1 64. Rc1 Rh3 65. Nf2 Rh8 66. Ra1 Bb4 67. Nd3 Rc8 68. Rc1 Rb8 69. Nfe5 Nxe5 70.
Nxe5 Rb7 71. Nd3 Bd6 72. Rc3 Kd7 73. Kd2 Rb8 74. Kc2 Rh8 75. Kd1 Rh3 76. Nf2 Rf3 77. Ke2 Rg3 78. Rc1 Rg2 79. Kf3 Rh2 80. Rh1 Rxh1 81.
Nxh1 Kc6 82. Ke2 Kb5 83. Kd3 Kb4 84. Kc2 Ka3 85. Ng3 Kb4 86. Ne2 Kb5 87. Nc1 Kc6 88. Nd3 Kb5 89. Kc3 Bb4+ 90. Kc2 Bd6 91. Nf2 Kc6 92. Nd1 Bb4 93. Nb2 Bd6 94. Nd3 Kb5 1/2-1/2

[Event "Early-Titled-Tuesday-Blitz-March-26-2024"]
[Site "Chess.com"]
[Date "2024.03.26"]
[Round "4"]
[White "Elsa167"]
[Black "santosalberto1987"]
[Result "1-0"]
[WhiteElo "2827"]
[BlackElo "2532"]
[TimeControl "180+1"]
[EndTime "8:32:14 PDT"]
[Termination "Elsa167 won by resignation"]

1. e4 e6 2. b3 d5 3. Bb2 dxe4 4. Nc3 Nf6 5. Qe2 Bb4 6. O-O-O Qe7 7. Nxe4 Ba3 8. Nxf6+ gxf6 9. Qe4 Bd7 10. Qxb7 Bc6 11.
Qc8+ Qd8 12. Qxd8+ Kxd8 13. Bxa3 1-0

[Event "Early-Titled-Tuesday-Blitz-March-26-2024"]
[Site "Chess.com"]
[Date "2024.03.26"]
[Round "4"]
[White "DenLaz"]
[Black "baki83"]
[Result "1-0"]
[WhiteElo "3092"]
[BlackElo "2859"]
[TimeControl "180+1"]
[EndTime "8:33:03 PDT"]
[Termination "DenLaz won by resignation"]

1. d4 d6 2. Nf3 Nf6 3. c4 g6 4.
g3 Bf5 5. Bg2 c6 6. O-O Bg7 7. Nc3 Ne4 8. Na4 Nf6 9. Nh4 Bc8 10.
Nc3 O-O 11. Nf3 Nbd7 12. e4 e5 13. h3 Qe7 14. Be3 a5 15. Qc2 Re8 16. Rad1 h5 17. Rfe1 Nh7 18. b3 Ndf8 19. c5 dxc5 20. dxe5 Ne6 21.
Na4 Nhg5 22. Nxg5 Nxg5 23. f4 Nxh3+ 24. Kh2 Qe6 25. Nb6 1-0

[Event "Early-Titled-Tuesday-Blitz-March-26-2024"]
[Site "Chess.com"]
[Date "2024.03.26"]
[Round "4"]
[White "babyking1205"]
[Black "agvania123"]
[Result "1-0"]
[WhiteElo "2619"]
[BlackElo "2415"]
[TimeControl "180+1"]
[EndTime "8:33:12 PDT"]
[Termination "babyking1205 won by resignation"]

1. e4 d5 2. exd5 Qxd5 3. Nc3 Qd8 4. d4 Nf6 5. Nf3 Bg4 6. h3 Bh5 7. g4 Bg6 8. Ne5 e6 9. Bg2 c6 10. f4 Nbd7 11. Be3 Nxe5 12. dxe5 Nd5 13. Nxd5 cxd5 14.
c4 Bb4+ 15. Kf2 O-O 16. cxd5 Qh4+ 17. Kg1 exd5 18. f5 Rae8 19. Qd4 Ba5 20. Qxd5 Kh8 21. Qxa5 1-0

[Event "Early-Titled-Tuesday-Blitz-March-26-2024"]
[Site "Chess.com"]
[Date "2024.03.26"]
[Round "4"]
[White "LikeWater"]
[Black "Juicy_Fork"]
[Result "1-0"]
[WhiteElo "2713"]
[BlackElo "2516"]
[TimeControl "180+1"]
[EndTime "8:33:19 PDT"]
[Termination "LikeWater won by resignation"]

1. e4 e5 2. Nf3 Nc6 3. Nc3 Nf6 4. d4 exd4 5. Nxd4 Nxe4 6. Nxe4 Qe7 7. Bd3 d5 8. Nxc6 bxc6 9. O-O dxe4 10. Bxe4 Qd7 11. Qf3 Bb7 12. Bg5 Bd6 13. Bf5 c5 14. Bxd7+ 1-0

[Event "Early-Titled-Tuesday-Blitz-March-26-2024"]
[Site "Chess.com"]
[Date "2024.03.26"]
[Round "4"]
[White "BilicVladimir"]
[Black "ljuks68"]
[Result "0-1"]
[WhiteElo "2680"]
[BlackElo "2449"]
[TimeControl "180+1"]
[EndTime "8:33:55 PDT"]
[Termination "ljuks68 won by checkmate"]

1. e4 e6 2. d4 d5 3. Nd2 Nf6 4. e5 Nfd7 5. Bd3 c5 6. c3 Nc6 7. Ne2 cxd4 8. cxd4 f6 9. exf6 Qxf6 10. Nf3 h6 11. O-O Bd6 12. Nc3 O-O 13. Bb1 Rd8 14.
a3 Nf8 15. Re1 Bd7 16. b4 a6 17. Bb2 Be8 18. h3 Bh5 19. g4 Bg6 20. Bxg6 Nxg6 21.
Bc1 Rf8 22. Kg2 Nh4+ 23. Nxh4 Qxf2+ 24. Kh1 Qh2# 0-1

[Event "Early-Titled-Tuesday-Blitz-March-26-2024"]
[Site "Chess.com"]
[Date "2024.03.26"]
[Round "4"]
[White "carloseduar100"]
[Black "wild3000"]
[Result "0-1"]
[WhiteElo "2202"]
[BlackElo "2458"]
[TimeControl "180+1"]
[EndTime "8:33:55 PDT"]
[Termination "wild3000 won by resignation"]

1. d4 Nf6 2. Bg5 g6 3. Bxf6 exf6 4. g3 Bg7 5. Bg2 d5 6. e3 O-O 7. Ne2 c6 8. O-O Nd7 9. Nd2 Nb6 10. c4 dxc4 11. Qc2 Be6 12. e4 f5 13. Rad1 fxe4 14. Bxe4 Bh3 15. Rfe1 Re8 16. Nf4 Bg4 17. f3 Qxd4+ 18.
Kg2 Be6 19. Nxe6 Rxe6 20. Nf1 Qxb2 21. Qxb2 Bxb2 22. Ne3 f5 23. Bb1 Rae8 24. Nc2 Rxe1 25. Nxe1 Re2+ 26. Kf1 Rxh2 27. Ng2 Rh1+ 28. Ke2 Rxd1 29.
Kxd1 Nd5 30. Kc2 Be5 31. f4 Bf6 32. Kd2 b5 33. Ne1 Bc3+ 0-1

[Event "Early-Titled-Tuesday-Blitz-March-26-2024"]
[Site "Chess.com"]
[Date "2024.03.26"]
[Round "4"]
[White "Kiborg95"]
[Black "m_ezat"]
[Result "1-0"]
[WhiteElo "2771"]
[BlackElo "2558"]
[TimeControl "180+1"]
[EndTime "8:34:02 PDT"]
[Termination "Kiborg95 won by resignation"]

1. e4 c6 2. d4 d5 3. e5 c5 4. Nf3 Bg4 5. dxc5 e6 6. c3 Nc6 7. b4 a5 8. Bb5 Qc7 9. O-O axb4 10. cxb4 Bxf3 11. Qxf3 Qxe5 12. Nc3 Nf6 13. Bb2 Be7 14. Na4 Qe4 15. Qxe4 Nxe4 16. Nb6 Rb8 17.
Bxg7 Rg8 18. Be5 Rd8 19. Bc7 Kf8 20. Bxc6 bxc6 21. Bxd8 Bxd8 22. a4 Bc7 23. a5 Bb8 24. a6 Ba7 25. Nc8 1-0

[Event "Early-Titled-Tuesday-Blitz-March-26-2024"]
[Site "Chess.com"]
[Date "2024.03.26"]
[Round "4"]
[White "flawian2008"]
[Black "Joachim100x"]
[Result "0-1"]
[WhiteElo "2363"]
[BlackElo "2520"]
[TimeControl "180+1"]
[EndTime "8:34:05 PDT"]
[Termination "Joachim100x won by resignation"]

1. e4 c5 2. Nf3 e6 3. c3 d5 4.
e5 d4 5. Bd3 Nc6 6. O-O Nge7 7.
Na3 Nd5 8. Be4 Be7 9. c4 Nf4 10. d3 Ng6 11. Bxc6+ bxc6 12. Nc2 O-O 13. b4 cxb4 14.
Ncxd4 Bb7 15. Nb3 c5 16. Be3 Qc7 17. Re1 a5 18. d4 cxd4 19. Qxd4 Bxf3 20. gxf3 Nxe5 21.
Kg2 Nxc4 22. Bf4 e5 23. Bxe5 Nxe5 24. Qxe5 Qxe5 25. Rxe5 Bf6 0-1

[Event "Early-Titled-Tuesday-Blitz-March-26-2024"]
[Site "Chess.com"]
[Date "2024.03.26"]
[Round "4"]
[White "CarlosjPineror"]
[Black "NewYearGirl"]
[Result "1-0"]
[WhiteElo "2757"]
[BlackElo "2436"]
[TimeControl "180+1"]
[EndTime "8:34:25 PDT"]
[Termination "CarlosjPineror won by resignation"]

1. e4 c5 2. Nf3 d6 3. d4 cxd4 4. Nxd4 Nf6 5. Nc3 g6 6. Be3 Bg7 7. f3 O-O 8. Qd2 Nc6 9. O-O-O Bd7 10. h4 Ne5 11. g4 Rc8 12. h5 Nc4 13. Bxc4 Rxc4 14.
Nde2 Qa5 15. Bh6 Bxh6 16. Qxh6 g5 17. Nd5 Qxa2 18. Nxe7+ 1-0

[Event "Early-Titled-Tuesday-Blitz-March-26-2024"]
[Site "Chess.com"]
[Date "2024.03.26"]
[Round "4"]
[White "ninguno46"]
[Black "DeTimmerman"]
[Result "0-1"]
[WhiteElo "2551"]
[BlackElo "2749"]
[TimeControl "180+1"]
[EndTime "8:34:39 PDT"]
[Termination "DeTimmerman won by resignation"]

1. e4 e5 2. Nf3 Nc6 3. d4 exd4 4.
Bc4 Nf6 5. e5 d5 6. Bb5 Ne4 7.
Nxd4 Bc5 8. Be3 Bd7 9. Bxc6 bxc6 10. Nd2 Nxd2 11. Qxd2 Bb6 12. Nb3 Qe7 13. f4 O-O 14.
O-O f6 15. Rae1 fxe5 16. Bxb6 axb6 17. Rxe5 Qd6 18. a3 Ra4 19. c3 Raxf4 20. Rxf4 Qxe5 21.
Rxf8+ Kxf8 22. Qf2+ Qf6 23. Qe3 c5 24. Nd2 Bc6 25. Nf3 d4 26. cxd4 Bxf3 27. gxf3 Qxd4 28. Qxd4 cxd4 29. b4 c5 30. bxc5 bxc5 31. a4 Ke7 32. a5 Kd6 33. Kf1 Kc6 34. Ke2 Kb5 0-1

[Event "Early-Titled-Tuesday-Blitz-March-26-2024"]
[Site "Chess.com"]
[Date "2024.03.26"]
[Round "4"]
[White "aljado"]
[Black "ckgchess"]
[Result "0-1"]
[WhiteElo "2164"]
[BlackElo "2918"]
[TimeControl "180+1"]
[EndTime "8:34:42 PDT"]
[Termination "ckgchess won by resignation"]

1. e4 e5 2. Nf3 Nf6 3. Nxe5 d5 4. exd5 Qxd5 5. d4 Nc6 6. Bc4 Qxg2 7. Qf3 Qxf3 8. Nxf3 Bd6 9. Bg5 O-O 10. Nc3 Re8+ 11. Kd2 Bg4 12. Bxf6 Bf4+ 0-1